 Dungeon Crawl Stone Soup version 0.28-a0-1504-g839a4452db (webtiles) character file.

Game seed: 2847563646353311386

17857 Lekart the Fighter (level 12, -1/103 HPs)
             Began as a Red Draconian Fighter on Jan 9, 2022.
             Was an Elder of Ashenzari.
             Killed by divine providence
             ... invoked by a meliai
              (11 damage)
             ... on level 13 of the Dungeon on Jan 13, 2022.
             The game lasted 00:38:09 (12440 turns).

Lekart the Fighter (Red Draconian Fighter)         Turns: 12440, Time: 00:38:10

Health: -1/103     AC: 12    Str: 18    XL:     12   Next: 22%
Magic:  13/13      EV: 22    Int:  8    God:    Ashenzari [****..]
Gold:   992        SH: 10    Dex: 27    Spells: 11/11 levels left

rFire   + . .      SeeInvis +   l - +8 dagger of the Shattered Anarchy {vorpal, +Blink rC++ Stlth+, Range, Fort} (curse)
rCold   + + .      Faith    .   b - +1 buckler of Ashenzari's Planets {Cun, Melee} (curse)
rNeg    . . .      Spirit   .   (armour unavailable)
rPois   +          Reflect  .   (helmet restricted)
rElec   .          Harm     .   v - +0 cloak "Lashed Boredom" {Comp, Evo} (curse)
rCorr   +          Rampage  .   (no gloves)
Will    .....      Clarity  +   y - +2 pair of boots "Sublime Mistrust" {rPois rCorr Dex+4, Alch, Evo} (curse)
Stlth   +++++.....              w - amulet "Per Aspera Ad Scientiam" {Regen+, Evo, Self} (curse)
HPRegen 1.07/turn               j - ring of Cremastomancy {Dex+6, Self, Fort} (curse)
MPRegen 0.13/turn               (no ring)

@: short of breath
A: breathe fire, AC +8, unfitting armour, fire resistance 1, cold-blooded, frail
1, high mp 1
a: Breathe Fire, Renounce Religion, Evoke Blink, Curse Item, Shatter the Chains


You were on level 13 of the Dungeon.
You worshipped Ashenzari.
Ashenzari was greatly pleased with you.
You visited 3 branches of the dungeon, and saw 15 of its levels.
You also visited: Bailey and Ice Cave.

You collected 1187 gold pieces.
You spent 195 gold pieces at shops.

Inventory:

Hand Weapons
 a - a +0 long sword of chaos
 l - the cursed +8 dagger of the Shattered Anarchy (weapon) {vorpal, +Blink rC++ Stlth+, Range, Fort}
   (You found it on level 4 of the Dungeon)

   It inflicts extra damage upon your enemies.
   rC:        It greatly protects you from cold.
   +Blink:    It lets you blink.
   Stlth:     It makes you more stealthy.
   It has a curse which improves the following skills: Ranged Combat: Slings,
   Bows, Crossbows and Throwing.
   Fortitude: Shields.
Missiles
 i - 3 throwing nets
 x - 23 boomerangs (quivered)
Armour
 b - the cursed +1 buckler of Ashenzari's Planets (worn) {Cun, Melee}

   It has a curse which improves the following skills: Cunning: Dodging and
   Stealth.
   Melee Combat: Short Blades, Long Blades, Axes, Maces & Flails, Polearms,
   Staves and Unarmed Combat.
 v - the cursed +0 cloak "Lashed Boredom" (worn) {Comp, Evo}
   (You found it on level 5 of the Dungeon)

   It has a curse which improves the following skills: Companions: Summonings
   and Necromancy.
   Evocations: Evocations.
 y - the cursed +2 pair of boots "Sublime Mistrust" (worn) {rPois rCorr Dex+4, Alch, Evo}
   (You found it on level 7 of the Dungeon)

   Dex:       It affects your dexterity (+4).
   rPois:     It protects you from poison.
   rCorr:     It protects you from acid and corrosion.
   It has a curse which improves the following skills: Alchemy: Poison Magic and
   Transmutations.
   Evocations: Evocations.
 D - a +1 pair of boots of flying
Jewellery
 c - an amulet of reflection
 j - the cursed ring of Cremastomancy (left hand) {Dex+6, Self, Fort}
   (You found it on level 2 of the Dungeon)

   [ring of dexterity]

   Dex:       It affects your dexterity (+6).
   It has a curse which improves the following skills: Introspection: Fighting
   and Spellcasting.
   Fortitude: Shields.
 p - an amulet of the acrobat
 w - the cursed amulet "Per Aspera Ad Scientiam" (around neck) {Regen+, Evo, Self}
   (You found it on level 6 of the Dungeon)

   [amulet of regeneration]

   Regen:     It increases your rate of health regeneration.
   It has a curse which improves the following skills: Evocations: Evocations.
   Introspection: Fighting and Spellcasting.
Wands
 d - a wand of digging (4)
 t - a wand of paralysis (14)
 B - a wand of mindburst (3)
Scrolls
 f - 10 scrolls of identify
 k - 2 scrolls of amnesia
 m - 2 scrolls of immolation
 o - a scroll of holy word
 q - a scroll of enchant weapon
 s - 5 scrolls of teleportation
 u - a scroll of fog
 A - 2 scrolls of magic mapping
Potions
 g - a potion of lignification
 h - 2 potions of curing
 n - a potion of haste
 r - a potion of brilliance
 z - 2 potions of heal wounds
 C - 4 potions of flight
 E - a potion of ambrosia
 F - a potion of cancellation


   Skills:
 * Level 10.7(13.6) Fighting
 + Level 8.4(11.1) Short Blades
 + Level 6.1(9.7) Long Blades
 + Level 4.6(6.5) Throwing
 * Level 8.6(10.6) Dodging
 + Level 5.9(7.8) Stealth
 + Level 9.5(12.5) Shields
 + Level 2.0(4.8) Evocations


You had 11 spell levels left.
You didn't know any spells.
Your spell library contained the following spells:

 Spells                   Type           Power      Damage    Failure   Level
 Beastly Appendage        Tmut           0%         N/A       41%         1
 Wereblood                Tmut           0%         N/A       54%         2
 Static Discharge         Conj/Air       0%         N/A       58%         2
 Spider Form              Tmut/Pois      0%         N/A       78%         3
 Lightning Bolt           Conj/Air       0%         1d11      100%        5
 Maxwell's Capacitive Co  Air            0%         ∞         100%        8


Dungeon Overview and Level Annotations

Branches:
Dungeon (13/15)            Temple (1/1) D:4            Lair (1/6) D:10
 Bailey (visited)           IceCv (visited)
    Orc: D:9-12      Vaults: D:13-14

Altars:
Ashenzari
Cheibriados
Dithmenos
Elyvilon
Fedhas
Gozag
Hepliaklqana
Kikubaaqudgha
Makhleb
Nemelex Xobeh
Okawaru
Qazlal
Ru
Sif Muna
Trog
Uskayaw
Vehumet
Wu Jian
Xom
Yredelemnul
Zin
The Shining One

Shops:
D:10 [

Annotations:
D:11 exclusion: downstairs
D:12 Rupert


Innate Abilities, Weirdness & Mutations

You can breathe blasts of fire.
Your fiery red scales are hard. (AC +8)
You cannot fit into any form of body armour.
Your flesh is heat resistant. (rF+)
You are cold-blooded and may be slowed by cold attacks.
You are frail. (-10% HP)
You have an increased reservoir of magic. (+10% MP)


Message History

You barely miss the meliai.
You tail-slap the meliai, but do no damage.
The meliai is lightly wounded.
You feel sick. The meliai hits you with a +0 war axe!
You block the meliai's attack. The meliai misses you.
The meliai stings you but does no damage.
You feel very sick.
The meliai calls down the wrath of its god upon you.
Something smites you! You block the meliai's attack. x2
You feel sick. The meliai completely misses you. The meliai closely misses you.
You feel sick.
The meliai invokes the aid of its god against you.
Something smites you!
* * * LOW HITPOINT WARNING * * *
You feel sick. You block the meliai's attack. The meliai completely misses you.
Okay, then.
You feel sick.
The meliai calls down the wrath of its god upon you.
Something smites you!
* * * LOW HITPOINT WARNING * * *
The meliai completely misses you. You block the meliai's attack.
You feel better.
The meliai mumbles some strange prayers to its god against you.
Something smites you!
* * * LOW HITPOINT WARNING * * *
The meliai closely misses you. You block the meliai's attack.
As you read the scroll of fear, it crumbles to dust.
You assume a fearsome visage.
The meliai looks frightened! x2
Aiming: Mindburst
Press: ? - help, Shift-Dir - straight line, f - meliai
Aim: a meliai, wielding a +0 war axe and wearing a +0 leather armour (fleeing, chance to affect: 81%)
Your attack snaps the meliai out of its fear.
The meliai barely resists.
Aiming: Mindburst
Press: ? - help, Shift-Dir - straight line, f/p - meliai
Aim: a meliai, wielding a +0 war axe and wearing a +0 leather armour (chance to affect: 81%)
The meliai's mind is blasted!!
The meliai calls down the wrath of its god upon you.
Something smites you!
You die...

*,,#.#(,,.#.#*,,,,,**
*,,,.(.,..#.#*,***,*
*,,,#..#..#.#*,*,*,*
*,,,#.......#,,,,*,*
*,,,#...#....,,*,*,*
*,,,#...#.#.#*,*,*,*
*..##.#)#.#.#...,*,*
*.....y...#.######.##
*.###.#.....y@......#
*,* *,#...#.#########
*,* *,#...#.#### *,*
*,##..#.## *,*
*,,...#.## *,*
**###.#.## *,* #.#.##
*,* #.#.## *^* #.#.##


You could see 2 meliai.

Vanquished Creatures
  A boulder beetle (D:12)
  2 two-headed ogres
  4 skeletal warriors (D:11)
  An oklob plant (D:10)
  An orc knight (Bailey)
  A manticore (D:8)
  2 kobold demonologists (D:9)
  2 rime drakes (D:13)
  A polar bear (IceCv)
  A slime creature (D:12)
  A meliai (D:13)
  A troll (D:11)
  A shadow (D:11)
  17 yaks
  A wraith (D:12)
  A wyvern (D:11)
  Eustachio (D:4)
  A redback (Bailey)
  2 steam dragons (D:8)
  11 vampire mosquitoes
  A warg (D:12)
  4 water moccasins
  8 orc warriors
  2 ice beasts (D:7)
  4 black bears
  A hornet zombie (D:7)
  3 ogres
  A wolf (IceCv)
  A necrophage (D:6)
  3 centaurs
  4 phantoms (D:5)
  3 kobold brigands
  A gnoll sergeant (D:12)
  2 bullfrogs
  2 scorpions
  2 water moccasin zombies
  2 water moccasin skeletons (D:4)
  7 killer bees
  7 wights
  9 howler monkeys
  6 centaur zombies
  A bullfrog zombie (D:4)
  6 orc priests
  2 hounds (D:5)
  A bullfrog skeleton (D:4)
  A gnoll shaman (D:3)
  3 jellies
  Ijyb (D:5)
  2 iguanas
  10 orc wizards
  A killer bee zombie (D:5)
  3 hound zombies (D:4)
  2 hound skeletons (D:4)
  A howler monkey zombie (D:9)
  8 gnolls
  10 adders
  2 shadow imps (D:6)
  5 adder zombies
  A worm (D:3)
  A dart slug (D:2)
  34 orcs
  3 endoplasms
  8 giant cockroaches
  16 hobgoblins
  26 kobolds
  5 quokkas
  8 ball pythons
  3 bats
  4 frilled lizards
  12 goblins
  9 rats
315 creatures vanquished.

Vanquished Creatures (others)
  4 fungi (D:2)
  5 plants
  A withered plant (D:4)
10 creatures vanquished.

Grand Total: 325 creatures vanquished

Notes
Turn   | Place    | Note
-------+----------+-------------------------------------------
     0 | D:1      | Lekart the Draconian Fighter began the quest for the Orb.
     0 | D:1      | Reached XP level 1. HP: 19/19 MP: 1/1
   266 | D:1      | Reached XP level 2. HP: 26/26 MP: 2/2
   851 | D:2      | Reached XP level 3. HP: 33/33 MP: 3/3
   893 | D:2      | Reached skill level 4 in Fighting
  1203 | D:2      | Reached XP level 4. HP: 40/40 MP: 4/4
  1203 | D:2      | Upgraded the game from 0.28-a0-1435-g82390b3a13 to
                  | 0.28-a0-1444-g6c55d0bc0c
  1219 | D:2      | Upgraded the game from 0.28-a0-1444-g6c55d0bc0c to
                  | 0.28-a0-1486-g8196b01e9b
  1321 | D:2      | Found a faded altar of an unknown god.
  1665 | D:3      | Upgraded the game from 0.28-a0-1486-g8196b01e9b to
                  | 0.28-a0-1504-g839a4452db
  1851 | D:3      | HP: 2/41 [poisoned by an adder]
  1860 | D:3      | Reached XP level 5. HP: 11/47 MP: 5/5
  1864 | D:3      | Gained mutation: You are partially covered in large bone
                  | plates. (SH +4) [potion of mutation]
  2798 | D:4      | Noticed an ogre
  2803 | D:4      | Killed an ogre
  2804 | D:4      | Reached skill level 5 in Fighting
  2804 | D:4      | Reached XP level 6. HP: 24/56 MP: 6/6
  3076 | D:4      | Noticed Eustachio
  3099 | D:4      | Killed Eustachio
  3100 | D:4      | Reached skill level 5 in Long Blades
  3100 | D:4      | Your scales start taking on a fiery red colour.
  3100 | D:4      | Reached XP level 7. HP: 43/61 MP: 7/7
  3100 | D:4      | Gained mutation: Your flesh is heat resistant. (rF+) [Red
                  | Draconian growth]
  3299 | D:4      | Identified the +8 dagger "Kutod" {vorpal, +Blink rC++
                  | Stlth+}
  3450 | D:4      | Reached skill level 6 in Fighting
  3882 | D:4      | Found a staircase to the Ecumenical Temple.
  3960 | D:5      | Entered Level 5 of the Dungeon
  3979 | D:5      | Reached skill level 1 in Short Blades
  3979 | D:5      | Reached XP level 8. HP: 50/70 MP: 8/8
  4040 | Temple   | Entered the Ecumenical Temple
  4479 | Temple   | Became a worshipper of Ashenzari the Shackled
  4561 | D:4      | Found an ancient bone altar of Kikubaaqudgha.
  4817 | D:5      | Reached skill level 1 in Stealth
  4817 | D:5      | Reached skill level 5 in Shields
  5027 | D:5      | Reached skill level 5 in Dodging
  5154 | D:5      | Reached skill level 7 in Fighting
  5163 | D:5      | Reached XP level 9. HP: 41/79 MP: 9/9
  5209 | D:5      | Noticed Ijyb
  5214 | D:5      | Paralysed by Ijyb for 5 turns
  5226 | D:5      | Killed Ijyb
  5361 | D:5      | Found an opulent altar of Gozag.
  6100 | D:6      | Found a blossoming altar of Fedhas.
  6201 | D:6      | Reached * piety under Ashenzari
  6366 | D:6      | Found a glowing golden altar of the Shining One.
  6613 | D:6      | Reached ** piety under Ashenzari
  6704 | D:7      | Identified the +2 pair of boots of Chimes {rPois rCorr
                  | Dex+4}
  7582 | D:7      | Reached skill level 5 in Short Blades
  7587 | D:7      | Reached skill level 1 in Throwing
  7611 | D:8      | Reached skill level 8 in Fighting
  7663 | D:8      | Reached XP level 10. HP: 93/93 MP: 10/10
  7908 | D:8      | Found a stormy altar of Qazlal.
  7908 | D:8      | Found a sacrificial altar of Ru.
  8040 | D:8      | Noticed a manticore
  8055 | D:8      | Killed a manticore
  8366 | D:9      | Noticed a two-headed ogre
  8373 | D:9      | Killed a two-headed ogre
  8383 | D:9      | Reached *** piety under Ashenzari
  8654 | D:9      | Noticed a soul eater
  8658 | D:9      | Noticed a soul eater
  8689 | D:9      | Noticed a sun demon
  8910 | D:9      | Reached skill level 9 in Fighting
  9063 | D:9      | Reached **** piety under Ashenzari
  9105 | D:9      | Lost mutation: You are partially covered in large bone
                  | plates. (SH +4) [potion of mutation]
  9105 | D:9      | Gained mutation: Your muscles are strong. (Str +2) [potion
                  | of mutation]
  9105 | D:9      | Gained mutation: You are frail. (-10% HP) [potion of
                  | mutation]
  9105 | D:9      | Gained mutation: You are somewhat resistant to further
                  | mutation. [potion of mutation]
  9106 | D:9      | Lost mutation: You are somewhat resistant to further
                  | mutation. [potion of mutation]
  9106 | D:9      | Lost mutation: Your muscles are strong. (Str +2) [potion of
                  | mutation]
  9106 | D:9      | Gained mutation: You have an increased reservoir of magic.
                  | (+10% MP) [potion of mutation]
  9443 | D:10     | Entered Level 10 of the Dungeon
  9470 | D:10     | Found a flagged portal.
  9490 | Bailey   | Entered a bailey
  9497 | Bailey   | Noticed an orc knight
  9511 | Bailey   | Noticed an orc knight
  9531 | Bailey   | an orc knight changed into a redback
  9532 | Bailey   | Noticed a two-headed ogre
  9532 | Bailey   | a redback changed into a two-headed ogre
  9540 | Bailey   | Killed a two-headed ogre
  9585 | Bailey   | Reached XP level 11. HP: 93/93 MP: 12/12
  9598 | Bailey   | Noticed an orc knight
  9717 | Bailey   | an orc knight changed into a redback
  9754 | Bailey   | Killed an orc knight
  9998 | D:10     | Found a glowing silver altar of Zin.
 10001 | D:10     | Noticed an angel
 10003 | D:10     | Found a shimmering altar of Xom.
 10009 | D:10     | Reached skill level 1 in Evocations
 10013 | D:10     | Found Meoges's Antique Armour Boutique.
 10026 | D:10     | Bought a runed buckler for 195 gold pieces
 10200 | D:10     | Found a white marble altar of Elyvilon.
 10404 | D:10     | Found a staircase to the Lair.
 10447 | D:10     | Noticed an oklob plant
 10457 | D:10     | Killed an oklob plant
 10458 | D:10     | Reached skill level 5 in Stealth
 10468 | Lair:1   | Entered Level 1 of the Lair of Beasts
 10535 | D:10     | Found a basalt altar of Yredelemnul.
 10757 | D:11     | Noticed a skeletal warrior
 10758 | D:11     | Noticed a skeletal warrior
 10758 | D:11     | Noticed a skeletal warrior
 10811 | D:11     | Killed a skeletal warrior
 10812 | D:11     | Reached skill level 10 in Fighting
 10853 | D:11     | Killed a skeletal warrior
 10860 | D:11     | Killed a skeletal warrior
 10864 | D:11     | Noticed a skeletal warrior
 10914 | D:11     | Killed a skeletal warrior
 11366 | D:12     | Noticed a boulder beetle
 11400 | D:12     | Killed a boulder beetle
 11401 | D:12     | Reached XP level 12. HP: 38/103 MP: 13/13
 11673 | D:12     | Found a sacrificial altar of Ru.
 11896 | D:12     | Noticed Rupert
 12018 | D:13     | Found a frozen archway.
 12033 | IceCv    | Entered an ice cave
 12086 | IceCv    | Noticed a death yak
 12087 | IceCv    | Noticed a death yak
 12087 | IceCv    | Noticed a death yak
 12440 | D:13     | Killed from afar by a meliai

Illustrated notes

Levels and vault maps discovered:
D:1:      heliophobic_arrival_henge, layout_basic
D:2:      minmay_skewed_foursquare, layout_basic,
          dreamdust_ecumenical_altar_grove, kennysheep_small_spiral
D:3:      layout_loops_ring, minmay_checkerbox
D:4:      layout_basic, marbit_many_paths, temple_hall, serial_undead,
          serial_undead_d, serial_undead_c, serial_undead_c, serial_undead_a,
          st_stairs_4, uniq_eustachio
D:5:      minmay_recursive_quarters, layout_basic, kennysheep_mini_moat,
          gup_sewer_entry_glass, nicolae_figureground_sparkle, uniq_ijyb
D:6:      layout_basic, fedhas_altar_3, lemuel_doored_altar
D:7:      layout_loops_corners, grunt_ogre_cave
D:8:      layout_loops_ring, gammafunk_temple_overflow_elements
D:9:      layout_gridville
D:10:     layout_irregular_city, grunt_temple_overflow_order_and_chaos_1,
          kennysheep_ying_yang, dpeg_oklobed_lair, enter_bailey_4, serial_shops,
          nicolae_shop_statue_plus
D:11:     layout_roguey
D:12:     layout_basic, erik_orc_4, chequers_serial_rivers_small_b,
          hangedman_ru_absence, uniq_rupert, uniq_snorg
D:13:     layout_basic, portal_ice_cave_rime, uniq_josephine
Temple:   minmay_temple_forest_path
Lair:1:   layout_cave_pods, gammafunk_ghost_cemetery, grunt_megastairs_4

Skill      XL: |  1  2  3  4  5  6  7  8  9 10 11 12 |
---------------+-------------------------------------+-----
Dodging        | 3 4 5 6 8 |  8.6
Fighting       | 4 5 6 7 8 9 10 | 10.7
Long Blades    | 3 4 5 6 |  6.1
Shields        | 4 6 7 8 9 |  9.5
Short Blades   | 1 3 5 6 8 |  8.4
Stealth        | 1 3 4 5 |  5.9
Throwing       | 1 3 4 |  4.6
Evocations     | 1 2 |  2.0

Action                   |  1- 3 |  4- 6 |  7- 9 | 10-12 || total
-------------------------+-------+-------+-------+-------++-------
Melee: Long sword        |    87 |   147 |    28 |       ||   262
       Tailslap          |    12 |    10 |    45 |   113 ||   180
       Dagger            |       |       |   303 |   573 ||   876
Throw: Boomerang         |       |       |    20 |    69 ||    89
       Throwing net      |       |       |     4 |       ||     4
Invok: Curse Item        |       |       |     3 |     3 ||     6
 Abil: Breathe Fire      |       |       |     1 |    13 ||    14
       Evoke Blink       |       |       |     1 |     1 ||     2
Evoke: Wand              |       |       |       |    24 ||    24
  Use: Potion            |       |     7 |       |     4 ||    11
       Scroll            |       |     6 |       |     2 ||     8
 Stab: Sleeping          |       |     2 |    11 |    17 ||    30
       Paralysed         |       |     2 |       |     1 ||     3
       Confused          |       |     1 |       |       ||     1
Armor: Skin              |    23 |    61 |    50 |    62 ||   196
Dodge: Dodged            |    55 |    72 |   120 |   287 ||   534
Block: Buckler           |    23 |    67 |   173 |   220 ||   483
       Reflection        |       |       |     1 |       ||     1

Table legend: (Time is in decaauts)
 A = Elapsed time spent in this place.
 B = Non-inter-level travel time spent in this place.
 C = Inter-level travel time spent in this place.
 D = Time resting spent in this place.
 E = Time spent auto-exploring this place.
 F = Levels seen in this place.
 G = Mean time per level.
                   A        B        C        D        E       F      G
               +--------+--------+--------+--------+--------+-----+--------+
         Total |  12192 |  11774 |    418 |    987 |   7882 |  17 |  717.2 |
       Dungeon |  11004 |  10678 |    326 |    795 |   7501 |  13 |  846.5 |
        Temple |    486 |    395 |     91 |      0 |    381 |   1 |  486.0 |
          Lair |      1 |      1 |      0 |      0 |      0 |   1 |    1.0 |
        Bailey |    422 |    422 |      0 |     20 |      0 |   1 |  422.0 |
      Ice Cave |    277 |    277 |      0 |    172 |      0 |   1 |  277.0 |
               +--------+--------+--------+--------+--------+-----+--------+

Top non-repeatable levels by time:
     D:4: 1322 daAuts
     D:3: 1191 daAuts
     D:5: 1190 daAuts
     D:2: 998 daAuts
     D:8: 953 daAuts
     D:7: 934 daAuts
     D:9: 867 daAuts
     D:6: 786 daAuts
    D:10: 680 daAuts
     D:1: 664 daAuts
    D:12: 644 daAuts
    D:11: 600 daAuts
  Temple: 486 daAuts
  Bailey: 422 daAuts
   IceCv: 277 daAuts
